% Time on Ice - COLORADO GLACIERCATS
Lines # - Real PCT - Wanted PCT - Time Play
Normal Forward
1 - 35% - 37% - 16:41
2 - 36% - 36% - 17:30
3 - 18% - 20% - 8:46
4 - 11% - 7% - 5:09
Normal Defense
1 - 39% - 40% - 18:58
2 - 35% - 35% - 16:52
3 - 25% - 25% - 12:03
4 - 0% - 0% - 0:13
PP Forward
1 - 46% - 50% - 3:42
2 - 54% - 50% - 4:18
PP Defense
1 - 52% - 50% - 4:11
2 - 48% - 50% - 3:49
PK Forward
1 - 55% - 50% - 1:49
2 - 45% - 50% - 1:28
PK Defense
1 - 48% - 50% - 1:35
2 - 52% - 50% - 1:42
PK3 Forward
1 - 0% - 50%
2 - 0% - 50%
PK3 Defense
1 - 0% - 50%
2 - 0% - 50%
44 Forward
1 - 0% - 50%
2 - 0% - 50%
44 Defense
1 - 0% - 50%
2 - 0% - 50%
Last Minute Offensive  - 0:37
Last Minute Defensive  - 0:00
Total
Forward - 60:00
Defense - 60:00
% Time on Ice - VANCOUVER VOODOO
Lines # - Real PCT - Wanted PCT - Time Play
Normal Forward
1 - 35% - 36% - 17:03
2 - 30% - 31% - 14:24
3 - 24% - 25% - 11:42
4 - 10% - 8% - 4:57
Normal Defense
1 - 35% - 36% - 16:55
2 - 31% - 33% - 14:49
3 - 28% - 31% - 13:35
4 - 6% - 0% - 2:47
PP Forward
1 - 36% - 50% - 1:10
2 - 64% - 50% - 2:07
PP Defense
1 - 32% - 50% - 1:04
2 - 68% - 50% - 2:13
PK Forward
1 - 50% - 50% - 3:04
2 - 50% - 50% - 3:01
PK Defense
1 - 50% - 50% - 3:03
2 - 50% - 50% - 3:02
PK3 Forward
1 - 49% - 50% - 0:56
2 - 51% - 50% - 0:59
PK3 Defense
1 - 49% - 50% - 0:56
2 - 51% - 50% - 0:59
44 Forward
1 - 0% - 55%
2 - 0% - 45%
44 Defense
1 - 0% - 50%
2 - 0% - 50%
Last Minute Offensive  - 0:00
Last Minute Defensive  - 0:37
Total
Forward - 60:00
Defense - 60:00
Play-by-Play 1st period 0:01 of 1st period - Lars Eller wins face-off versus Noel Acciari in neutral zone. 0:26 of 1st period - Shot by Alex Iafallo. 0:26 of 1st period - Stopped by Carey Price with a rebound. 0:28 of 1st period - Shot by Lars Eller. 0:28 of 1st period - Shot Misses the Net. 0:44 of 1st period - Shot by Lars Eller. 0:44 of 1st period - Stopped by Carey Price without a rebound. 0:45 of 1st period - Phillip Danault wins face-off versus Victor Rask in VANCOUVER VOODOO zone. 1:55 of 1st period - Minor Penalty to Ilya Lyubushkin for Slashing. 1:56 of 1st period - Filip Chlapik wins face-off versus Lars Eller in COLORADO GLACIERCATS zone. 1:57 of 1st period - Shot by Mathew Dumba. 1:57 of 1st period - Stopped by David Rittich with a rebound. 1:59 of 1st period - Shot by Mathew Dumba. 1:59 of 1st period - Shot Misses the Net. 2:01 of 1st period - Shot by P.K. Subban. 2:01 of 1st period - Stopped by David Rittich without a rebound. 2:02 of 1st period - Victor Rask wins face-off versus Lars Eller in COLORADO GLACIERCATS zone. 2:21 of 1st period - Shot by Joonas Donskoi. 2:21 of 1st period - Shot Misses the Net. 2:50 of 1st period - Shot by Joel Armia. 2:50 of 1st period - Stopped by David Rittich with a rebound. 2:52 of 1st period - Shot by Mathew Dumba. 2:52 of 1st period - Stopped by David Rittich with a rebound. 2:54 of 1st period - Shot by P.K. Subban. 2:54 of 1st period - Goal by P.K. Subban - COLORADO GLACIERCATS : 0 - VANCOUVER VOODOO : 1. 2:55 of 1st period - Lars Eller wins face-off versus Filip Chlapik in neutral zone. 3:01 of 1st period - Icing by Danny DeKeyser. 3:02 of 1st period - Filip Chlapik wins face-off versus Lars Eller in VANCOUVER VOODOO zone. 3:09 of 1st period - Shot by Nicolas Roy. 3:09 of 1st period - Deflect By Filip Chlapik. 3:09 of 1st period - Shot Misses the Net. 3:11 of 1st period - Shot by Nicolas Roy. 3:11 of 1st period - Stopped by David Rittich without a rebound. 3:12 of 1st period - Sam Gagner wins face-off versus Lucas Wallmark in COLORADO GLACIERCATS zone. 3:49 of 1st period - Shot by Lucas Wallmark. 3:49 of 1st period - Stopped by David Rittich without a rebound. 3:50 of 1st period - Luke Glendening wins face-off versus Noel Acciari in COLORADO GLACIERCATS zone. 4:17 of 1st period - Icing by Joonas Donskoi. 4:18 of 1st period - Luke Glendening wins face-off versus Victor Rask in COLORADO GLACIERCATS zone. 4:20 of 1st period - Joonas Donskoi is hit by Brendan Lemieux and loses puck. 4:58 of 1st period - Joonas Donskoi is hit by Mike Green and loses puck. 5:20 of 1st period - Icing by Noel Acciari. 5:21 of 1st period - Lars Eller wins face-off versus Noel Acciari in VANCOUVER VOODOO zone. 5:21 of 1st period - Leon Draisaitl is hit by Jarred Tinordi. 6:06 of 1st period - Off-side. 6:07 of 1st period - Brayden Schenn wins face-off versus Lucas Wallmark in neutral zone. 6:14 of 1st period - Shot by Tomas Hertl. 6:14 of 1st period - Stopped by Carey Price without a rebound. 6:15 of 1st period - Lucas Wallmark wins face-off versus Phillip Danault in VANCOUVER VOODOO zone. 6:37 of 1st period - Icing by Phillip Danault. 6:38 of 1st period - Victor Rask wins face-off versus Phillip Danault in COLORADO GLACIERCATS zone. 6:45 of 1st period - Shot by Joel Armia. 6:45 of 1st period - Shot Blocked by Tomas Hertl. 6:55 of 1st period - Shot by Brayden Schenn. 6:55 of 1st period - Goal by Brayden Schenn - COLORADO GLACIERCATS : 1 - VANCOUVER VOODOO : 1. 6:56 of 1st period - Lars Eller wins face-off versus Noel Acciari in neutral zone. 7:15 of 1st period - Shot by Noel Acciari. 7:15 of 1st period - Shot Blocked by Joel Edmundson. 8:19 of 1st period - Shot by Brayden Schenn. 8:19 of 1st period - Stopped by Carey Price with a rebound. 8:21 of 1st period - Shot by Ryan Ellis. 8:21 of 1st period - Stopped by Carey Price with a rebound. 8:23 of 1st period - Shot by Phillip Danault. 8:23 of 1st period - Shot Misses the Net. 9:04 of 1st period - Shot by Dustin Brown. 9:04 of 1st period - Shot Blocked by Nicolas Hague. 9:06 of 1st period - Shot by Luke Glendening. 9:06 of 1st period - Shot Misses the Net. 9:08 of 1st period - Shot by Luke Glendening. 9:08 of 1st period - Stopped by Carey Price without a rebound. 9:09 of 1st period - Lars Eller wins face-off versus Victor Rask in VANCOUVER VOODOO zone. 9:32 of 1st period - Icing by Victor Rask. 9:33 of 1st period - Tomas Hertl wins face-off versus Victor Rask in VANCOUVER VOODOO zone. 9:52 of 1st period - Shot by Joel Armia. 9:52 of 1st period - Shot Misses the Net. 9:54 of 1st period - Shot by Victor Rask. 9:54 of 1st period - Shot Misses the Net. 9:56 of 1st period - Shot by Brendan Lemieux. 9:56 of 1st period - Goal by Brendan Lemieux - COLORADO GLACIERCATS : 1 - VANCOUVER VOODOO : 2. 9:57 of 1st period - Lars Eller wins face-off versus Filip Chlapik in neutral zone. 10:29 of 1st period - Shot by Max Jones. 10:29 of 1st period - Stopped by David Rittich with a rebound. 10:31 of 1st period - Shot by Max Jones. 10:31 of 1st period - Shot Misses the Net. 10:33 of 1st period - Shot by Max Jones. 10:33 of 1st period - Shot Misses the Net. 10:35 of 1st period - Shot by Max Jones. 10:35 of 1st period - Shot Misses the Net. 11:26 of 1st period - Icing by Ilya Lyubushkin. 11:27 of 1st period - Victor Rask wins face-off versus Lars Eller in COLORADO GLACIERCATS zone. 11:28 of 1st period - Shot by Brendan Lemieux. 11:28 of 1st period - Shot Misses the Net. 11:58 of 1st period - Shot by Phillip Danault. 11:58 of 1st period - Shot Blocked by Nicolas Hague. 12:00 of 1st period - Shot by Devon Toews. 12:00 of 1st period - Shot Misses the Net. 12:10 of 1st period - Shot by Brayden Schenn. 12:10 of 1st period - Shot Misses the Net. 12:12 of 1st period - Shot by Brayden Schenn. 12:12 of 1st period - Shot Misses the Net. 12:21 of 1st period - Tomas Hertl is hit by Jarred Tinordi and loses puck. 12:39 of 1st period - Icing by Nathan Beaulieu. 12:40 of 1st period - Noel Acciari wins face-off versus Luke Glendening in COLORADO GLACIERCATS zone. 12:45 of 1st period - Shot by Artturi Lehkonen. 12:45 of 1st period - Stopped by David Rittich without a rebound. 12:46 of 1st period - Noel Acciari wins face-off versus Sam Gagner in COLORADO GLACIERCATS zone. 12:46 of 1st period - Mathew Dumba is hit by Joel Edmundson. 13:08 of 1st period - Noel Acciari is hit by Joel Edmundson and loses puck. 13:55 of 1st period - Minor Penalty to Jordan Martinook for Holding. 13:56 of 1st period - Lars Eller wins face-off versus Filip Chlapik in COLORADO GLACIERCATS zone. 14:07 of 1st period - Shot by Filip Chlapik. 14:07 of 1st period - Stopped by David Rittich without a rebound. 14:08 of 1st period - Victor Rask wins face-off versus Lars Eller in COLORADO GLACIERCATS zone. 14:12 of 1st period - Shot by Nicolas Hague. 14:12 of 1st period - Shot Misses the Net. 14:14 of 1st period - Shot by Paul Byron. 14:14 of 1st period - Goal by Paul Byron - COLORADO GLACIERCATS : 1 - VANCOUVER VOODOO : 3. 14:15 of 1st period - Phillip Danault wins face-off versus Lucas Wallmark in neutral zone. 14:44 of 1st period - Shot by Paul Byron. 14:44 of 1st period - Shot Blocked by Ryan Ellis. 14:46 of 1st period - Shot by Curtis Lazar. 14:46 of 1st period - Shot Blocked by Ryan Ellis. 15:18 of 1st period - Shot by Brendan Lemieux. 15:18 of 1st period - Shot Misses the Net. 15:36 of 1st period - Shot by Alex Iafallo. 15:36 of 1st period - Shot Misses the Net. 15:38 of 1st period - Shot by Lars Eller. 15:38 of 1st period - Deflect By Leon Draisaitl. 15:38 of 1st period - Stopped by Carey Price without a rebound. 15:39 of 1st period - Luke Glendening wins face-off versus Noel Acciari in VANCOUVER VOODOO zone. 15:57 of 1st period - Joonas Donskoi is hit by Mathew Dumba and loses puck. 16:27 of 1st period - Artturi Lehkonen is hit by Joel Edmundson. 16:55 of 1st period - Shot by Tomas Hertl. 16:55 of 1st period - Stopped by Carey Price without a rebound. 16:56 of 1st period - Lucas Wallmark wins face-off versus Lars Eller in VANCOUVER VOODOO zone. 17:03 of 1st period - Shot by Paul Byron. 17:03 of 1st period - Stopped by David Rittich without a rebound. 17:04 of 1st period - Lars Eller wins face-off versus Victor Rask in COLORADO GLACIERCATS zone. 17:27 of 1st period - Minor Penalty to Joel Armia for Hooking. 17:28 of 1st period - Leon Draisaitl wins face-off versus Andrew Shaw in VANCOUVER VOODOO zone. 17:28 of 1st period - Leon Draisaitl is hit by Jarred Tinordi. 17:31 of 1st period - Minor Penalty to Jarred Tinordi for Hooking. 17:32 of 1st period - Lars Eller wins face-off versus Noel Acciari in VANCOUVER VOODOO zone. 17:35 of 1st period - Shot by Alex Iafallo. 17:35 of 1st period - Shot Misses the Net. 17:47 of 1st period - Shot by Ryan Ellis. 17:47 of 1st period - Shot Blocked by Noel Acciari. 17:59 of 1st period - Shot by Ryan Ellis. 17:59 of 1st period - Stopped by Carey Price with a rebound. 18:47 of 1st period - Victor Rask is hit by Brayden Schenn and loses puck. 19:26 of 1st period - Shot by Dustin Brown. 19:26 of 1st period - Stopped by Carey Price with a rebound. 19:28 of 1st period - Shot by Lars Eller. 19:28 of 1st period - Stopped by Carey Price with a rebound. 19:30 of 1st period - Shot by Lars Eller. 19:30 of 1st period - Stopped by Carey Price without a rebound. 19:31 of 1st period - Lucas Wallmark wins face-off versus Zach Aston-Reese in VANCOUVER VOODOO zone. 19:42 of 1st period - Shot by Lucas Wallmark. 19:42 of 1st period - Shot Misses the Net. 19:44 of 1st period - Shot by Curtis Lazar. 19:44 of 1st period - Shot Blocked by Joel Edmundson. 19:46 of 1st period - Shot by Curtis Lazar. 19:46 of 1st period - Shot Misses the Net. Goals for this period are 1 for COLORADO GLACIERCATS vs 3 for VANCOUVER VOODOO. Shots for this period are 13 for COLORADO GLACIERCATS vs 13 for VANCOUVER VOODOO. 2nd period 0:01 of 2nd period - Phillip Danault wins face-off versus Noel Acciari in neutral zone. 0:44 of 2nd period - Shot by Noel Acciari. 0:44 of 2nd period - Shot Misses the Net. 2:24 of 2nd period - Shot by Dustin Brown. 2:24 of 2nd period - Shot Misses the Net. 2:51 of 2nd period - Shot by Sam Gagner. 2:51 of 2nd period - Stopped by Carey Price without a rebound. 2:52 of 2nd period - Artturi Lehkonen wins face-off versus Phillip Danault in VANCOUVER VOODOO zone. 3:16 of 2nd period - Shot by Phillip Danault. 3:16 of 2nd period - Stopped by Carey Price without a rebound. 3:17 of 2nd period - Lars Eller wins face-off versus Victor Rask in VANCOUVER VOODOO zone. 3:23 of 2nd period - Alex Iafallo is hit by Nicolas Hague and loses puck. 3:43 of 2nd period - Alex Iafallo is hit by Nicolas Hague and loses puck. 3:53 of 2nd period - Leon Draisaitl is hit by Jarred Tinordi and loses puck. 3:58 of 2nd period - Shot by Lars Eller. 3:58 of 2nd period - Shot Hit the Post. 4:00 of 2nd period - Shot by Lars Eller. 4:00 of 2nd period - Deflect By Leon Draisaitl. 4:00 of 2nd period - Shot Misses the Net. 4:44 of 2nd period - Shot by Tomas Hertl. 4:44 of 2nd period - Shot Misses the Net. 5:31 of 2nd period - Shot by Luke Glendening. 5:31 of 2nd period - Shot Misses the Net. 6:06 of 2nd period - Icing by P.K. Subban. 6:07 of 2nd period - Lars Eller wins face-off versus Lucas Wallmark in VANCOUVER VOODOO zone. 6:38 of 2nd period - Icing by Nathan Beaulieu. 6:39 of 2nd period - Victor Rask wins face-off versus Alex Iafallo in COLORADO GLACIERCATS zone. 6:39 of 2nd period - Victor Rask is hit by Nathan Beaulieu. 6:59 o